Comets vs Marlies

Created - March 7, 2025 at 22:29

Goals
1 2 3 T
Comets 1 2 1 4
Marlies 1 3 1 5
Shots
1 2 3 T
Comets 14 10 15 39
Marlies 9 14 15 38

1st period

1. Comets , Valeri Nichushkin 17 (Joonas Donskoi 30, Wyatt Kalynuk 16) at 12:31
2. Marlies , Joel Farabee 20 (Martin Necas 30, Aleksi Saarela 34) at 12:37

Penalties :
No Penalty

2nd period

3. Comets , Marcus Bjork 2 (Brett Howden 27, Mason Marchment 18) at 2:02
4. Comets , Conor Garland 21 (Brett Howden 28, Ilya Lyubushkin 31) at 5:24 (SH)
5. Marlies , Martin Necas 29 (Rasmus Dahlin 31, Dennis Gilbert 9) at 10:10
6. Marlies , Arthur Kaliyev 2 (Rasmus Dahlin 32, Pierre-Olivier Joseph 41) at 16:58
7. Marlies , Tyler Benson 16 (Mathieu Olivier 23, Lias Andersson 10) at 17:34

Penalties :
Mason Marchment (Uti) for Holding (Minor) at 5:11, Rasmus Dahlin (Tor) for Hooking (Minor) at 7:33, Mathieu Olivier (Tor) for Holding (Minor) at 13:17, Joel Farabee (Tor) for Roughing (Minor) at 18:11

3rd period

8. Comets , Joonas Donskoi 26 (Valeri Nichushkin 29, Brett Seney 29) at 0:12
9. Marlies , Joel Farabee 21 (Pierre-Olivier Joseph 42, Aleksi Saarela 35) at 1:34

Penalties :
Aleksi Saarela (Tor) for Tripping (Minor) at 19:57

Goalie Stats

Juuse Saros (Uti), 33 saves from 38 shots - (0.868), L, 20-12-4, 59:02 minutes
Logan Thompson (Tor), 35 saves from 39 shots - (0.897), W, 12-15-3, 60:00 minutes

Players Stats for Comets

Player Name              G  A  P  +/- PIM S  H  SB GA TA FO     MP     PP MP  PK MP  
------------------------------------------------------------------------------------
Alex Turcotte            0  0  0   0  0   0  0  0  0  0  0/0     8:13   0:00   0:00 
Alexandre Texier         0  0  0  -1  0   3  2  0  1  0  1/1    13:44   0:01   0:00 
Brett Howden             0  2  2   0  0   5  1  0  2  0  10/19  17:41   2:43   1:22 
Brett Seney              0  1  1   0  0   2  0  0  0  0  10/19  20:10   3:03   0:37 
Christian Wolanin        0  0  0  -1  0   3  2  2  0  1  0/0    22:59   3:51   1:14 
Conor Garland            1  0  1   0  0   3  1  1  2  0  1/3    18:39   2:43   1:19 
David Kase               0  0  0   0  0   2  1  0  0  1  0/0     8:13   0:00   0:00 
Eeli Tolvanen            0  0  0  -1  0   1  1  0  0  2  1/1    13:44   0:01   0:00 
Filip Roos               0  0  0   0  0   0  0  0  0  0  0/0     3:36   0:00   0:00 
Ilya Lyubushkin          0  1  1  -1  0   4  2  2  1  1  0/0    26:35   3:51   1:14 
Jake Bean                0  0  0   1  0   1  1  1  2  0  0/0    20:13   2:08   0:45 
John Hayden              0  0  0  -1  0   1  1  0  0  0  3/4    13:56   0:13   0:00 
Joonas Donskoi           1  1  2   0  0   2  1  0  0  0  2/3    18:52   3:15   0:14 
Marcus Bjork             1  0  1  -1  0   2  0  1  0  2  0/0    13:12   0:00   0:00 
Mason Marchment          0  1  1  -1  2   1  1  0  0  0  0/0    16:24   2:43   0:00 
Nicolas Roy              0  0  0   0  0   0  1  0  0  0  3/6     8:13   0:00   0:00 
Valeri Nichushkin        1  1  2   0  0   2  3  0  2  0  2/4    20:11   3:15   0:26 
Vincent Desharnais       0  0  0  -1  0   3  2  2  0  0  0/0    13:12   0:00   0:00 
Wyatt Kalynuk            0  1  1   1  0   4  1  0  0  1  0/0    20:13   2:08   0:45 

Players Stats for Marlies

Player Name              G  A  P  +/- PIM S  H  SB GA TA FO     MP     PP MP  PK MP  
------------------------------------------------------------------------------------
Aleksi Saarela           0  2  2  -1  2   1  5  1  0  0  15/33  23:15   1:12   3:20 
Alex Formenton           0  0  0   0  0   4  0  0  0  0  0/0    12:41   0:00   1:11 
Arthur Kaliyev           1  0  1   0  0   3  0  0  0  0  0/0     8:43   0:00   0:00 
Dennis Gilbert           0  1  1   1  0   1  1  0  0  2  0/0    13:11   0:00   0:00 
Dmitri Samorukov         0  0  0   1  0   0  1  1  0  0  0/0    12:53   0:00   0:46 
Isac Lundestrom          0  0  0   0  0   3  0  1  0  1  1/4    11:48   0:00   0:18 
Jakob Forsbacka-Karlsson 0  0  0   0  0   1  0  0  0  1  3/5     8:43   0:00   0:00 
Joel Farabee             2  0  2  -1  2   4  0  0  2  0  0/0    18:51   1:12   0:00 
Keaton Thompson          0  0  0  -1  0   1  3  0  0  1  0/0    20:49   0:39   2:23 
Kole Sherwood            0  0  0   0  0   2  2  1  0  0  0/1    12:38   0:00   1:08 
Lias Andersson           0  1  1   1  0   0  2  0  0  1  4/12   13:14   0:47   0:00 
Lucas Carlsson           0  0  0  -3  0   1  1  3  0  1  0/0    22:00   1:20   3:36 
Martin Necas             1  1  2   1  0   2  0  0  0  0  3/4    22:11   1:12   1:39 
Mathieu Olivier          0  1  1   2  2   0  0  0  1  0  0/0    14:56   0:47   1:05 
Otto Koivula             0  0  0   0  0   0  2  0  0  0  1/1     8:43   0:00   0:00 
Pierre-Olivier Joseph    0  2  2   1  0   10 1  1  2  1  0/0    27:04   1:20   3:36 
Rasmus Dahlin            0  2  2   4  2   3  4  4  3  2  0/0    24:40   0:39   1:37 
Tyler Benson             1  0  1   0  0   2  3  0  0  0  0/0    17:37   0:47   3:17 

3 Stars

1 - Rasmus Dahlin (Tor)
2 - Martin Necas (Tor)
3 - Valeri Nichushkin (Uti)

Power Play

Comets - 0 on 4 Attempt(s) - 0.00%
Marlies - 0 on 1 Attempt(s) - 0.00%

Penalty Kill

Comets - 1 on 1 Attempt(s) - 100.00% - Score 1 goal in Penalty Kill
Marlies - 4 on 4 Attempt(s) - 100.00% - Score 0 goal in Penalty Kill

Team Stat

Comets - Hits : 21 - Faceoff Wins : 33 - Blocked Shots : 9 - Penalty Minutes : 2
Marlies - Hits : 25 - Faceoff Wins : 27 - Blocked Shots : 12 - Penalty Minutes : 8

Official

Referees : Ian Walsh and Reid Anderson
Linesman : Ryan Daisy and Brad Kovachik

Game Notes

No Game Note

Finance

Level 1 -- Attendance: 1687 (84.35%) -- Ticket Income $118,090
Level 2 -- Attendance: 838 (83.80%) -- Ticket Income $33,520
Total Attendance: 2525 (84.17%)
Total Ticket Income: $151,610
Other Income: $7,580
Total Income: $159,190

Comets

5 vs 5 Forward 
   Center                   Left Wing                Right Wing               Time % Phy DF OF 
 1 Brett Seney              Valeri Nichushkin        Joonas Donskoi           35     0   2  3  
 2 Brett Howden             Mason Marchment          Conor Garland            30     0   2  3  
 3 John Hayden              Eeli Tolvanen            Alexandre Texier         25     0   2  3  
 4 Nicolas Roy              Alex Turcotte            David Kase               10     0   2  3  

5 vs 5 Defense 
   Defense                  Defense                                           Time % Phy DF OF 
 1 Ilya Lyubushkin          Christian Wolanin                                 35     0   3  2  
 2 Jake Bean                Wyatt Kalynuk                                     30     0   3  2  
 3 Marcus Bjork             Vincent Desharnais                                25     0   3  2  
 4 Filip Roos               Ilya Lyubushkin                                   10     0   3  2  

PowerPlay Forward 
   Center                   Left Wing                Right Wing               Time % Phy DF OF 
 1 Brett Seney              Valeri Nichushkin        Joonas Donskoi           60     0   1  4  
 2 Brett Howden             Mason Marchment          Conor Garland            40     0   1  4  

PowerPlay Defense
   Defense                  Defense                                           Time % Phy DF OF 
 1 Ilya Lyubushkin          Christian Wolanin                                 60     0   2  3  
 2 Jake Bean                Wyatt Kalynuk                                     40     0   2  3  

Penalty Kill 4 Players Forward 
   Center                   Wing                     Time % Phy DF OF 
 1 Brett Howden             Conor Garland            60     1   3  1  
 2 Brett Seney              Joonas Donskoi           40     1   3  1  

Penalty Kill 4 Players Defense
   Defense                  Defense                  Time % Phy DF OF 
 1 Ilya Lyubushkin          Christian Wolanin        60     1   4  0  
 2 Jake Bean                Wyatt Kalynuk            40     1   4  0  

Penalty Kill - 3 Players Forward 
   Forward                                           Time % Phy DF OF 
 1 Brett Seney                                       60     1   3  1  
 2 Brett Howden                                      40     1   3  1  

Penalty Kill - 3 Players Defense
   Defense                  Defense                  Time % Phy DF OF 
 1 Ilya Lyubushkin          Christian Wolanin        60     1   4  0  
 2 Jake Bean                Wyatt Kalynuk            40     1   4  0  

4 vs 4 Forward 
   Center                   Wing                     Time % Phy DF OF 
 1 Brett Seney              Valeri Nichushkin        60     0   2  3  
 2 Brett Howden             Conor Garland            40     0   2  3  

4 vs 4 Defense
   Defense                  Defense                  Time % Phy DF OF 
 1 Ilya Lyubushkin          Christian Wolanin        60     0   3  2  
 2 Jake Bean                Wyatt Kalynuk            40     0   3  2  

Last Minutes Offensive
   Center                   Left Wing                Right Wing               Defense                  Defense                  
   Brett Seney              Valeri Nichushkin        Conor Garland            Ilya Lyubushkin          Christian Wolanin        

Last Minutes Defensive
   Center                   Left Wing                Right Wing               Defense                  Defense                  
   Brett Seney              Valeri Nichushkin        Conor Garland            Ilya Lyubushkin          Christian Wolanin        

Goaltenders
Starting : Juuse Saros              
Backup : Akira Schmid             

Extra Forwards
Normal : Mason Marchment, Brett Howden, Alexandre Texier - PP : Mason Marchment, Brett Howden - PK : Mason Marchment
Extra Defensemen
Normal : Filip Roos, Vincent Desharnais, Marcus Bjork - PP : Marcus Bjork - PK : Marcus Bjork, Vincent Desharnais
Penalty Shots
Valeri Nichushkin, Conor Garland, Brett Seney, Joonas Donskoi, Mason Marchment
Custom OT Lines Forwards
Valeri Nichushkin, Conor Garland, Brett Seney, Joonas Donskoi, Mason Marchment, Brett Howden, Alexandre Texier, Eeli Tolvanen, Alex Turcotte, John Hayden
Custom OT Lines Defensemen
Ilya Lyubushkin, Christian Wolanin, Jake Bean, Wyatt Kalynuk, Marcus Bjork

Scratches
Cristiano Digiacinto (Healthy), Nikita Nesterenko (Healthy), Graeme Clarke (Healthy)

Marlies

5 vs 5 Forward 
   Center                   Left Wing                Right Wing               Time % Phy DF OF 
 1 Aleksi Saarela           Joel Farabee             Martin Necas             40     1   2  2  
 2 Lias Andersson           Tyler Benson             Mathieu Olivier          30     1   2  2  
 3 Isac Lundestrom          Alex Formenton           Kole Sherwood            20     1   2  2  
 4 Jakob Forsbacka-Karlsson Otto Koivula             Arthur Kaliyev           10     1   2  2  

5 vs 5 Defense 
   Defense                  Defense                                           Time % Phy DF OF 
 1 Pierre-Olivier Joseph    Rasmus Dahlin                                     40     1   2  2  
 2 Lucas Carlsson           Keaton Thompson                                   30     1   2  2  
 3 Dennis Gilbert           Dmitri Samorukov                                  20     1   2  2  
 4 Pierre-Olivier Joseph    Rasmus Dahlin                                     10     1   2  2  

PowerPlay Forward 
   Center                   Left Wing                Right Wing               Time % Phy DF OF 
 1 Aleksi Saarela           Joel Farabee             Martin Necas             60     1   2  2  
 2 Lias Andersson           Tyler Benson             Mathieu Olivier          40     1   2  2  

PowerPlay Defense
   Defense                  Defense                                           Time % Phy DF OF 
 1 Pierre-Olivier Joseph    Lucas Carlsson                                    60     1   2  2  
 2 Rasmus Dahlin            Keaton Thompson                                   40     1   2  2  

Penalty Kill 4 Players Forward 
   Center                   Wing                     Time % Phy DF OF 
 1 Aleksi Saarela           Tyler Benson             60     1   2  2  
 2 Martin Necas             Mathieu Olivier          40     1   2  2  

Penalty Kill 4 Players Defense
   Defense                  Defense                  Time % Phy DF OF 
 1 Pierre-Olivier Joseph    Lucas Carlsson           60     1   2  2  
 2 Rasmus Dahlin            Keaton Thompson          40     1   2  2  

Penalty Kill - 3 Players Forward 
   Forward                                           Time % Phy DF OF 
 1 Aleksi Saarela                                    60     1   2  2  
 2 Tyler Benson                                      40     1   2  2  

Penalty Kill - 3 Players Defense
   Defense                  Defense                  Time % Phy DF OF 
 1 Pierre-Olivier Joseph    Lucas Carlsson           60     1   2  2  
 2 Rasmus Dahlin            Keaton Thompson          40     1   2  2  

4 vs 4 Forward 
   Center                   Wing                     Time % Phy DF OF 
 1 Aleksi Saarela           Martin Necas             60     1   2  2  
 2 Lias Andersson           Joel Farabee             40     1   2  2  

4 vs 4 Defense
   Defense                  Defense                  Time % Phy DF OF 
 1 Pierre-Olivier Joseph    Lucas Carlsson           60     1   2  2  
 2 Rasmus Dahlin            Keaton Thompson          40     1   2  2  

Last Minutes Offensive
   Center                   Left Wing                Right Wing               Defense                  Defense                  
   Aleksi Saarela           Tyler Benson             Martin Necas             Pierre-Olivier Joseph    Lucas Carlsson           

Last Minutes Defensive
   Center                   Left Wing                Right Wing               Defense                  Defense                  
   Aleksi Saarela           Tyler Benson             Martin Necas             Pierre-Olivier Joseph    Lucas Carlsson           

Goaltenders
Starting : Logan Thompson           
Backup : Maxime Lagace            

Extra Forwards
Normal : Alex Formenton, Kole Sherwood, Mathieu Olivier - PP : Alex Formenton, Otto Koivula - PK : Kole Sherwood
Extra Defensemen
Normal : Dennis Gilbert, Dmitri Samorukov, Keaton Thompson - PP : Dennis Gilbert - PK : Dmitri Samorukov, Keaton Thompson
Penalty Shots
Aleksi Saarela, Tyler Benson, Martin Necas, Joel Farabee, Mathieu Olivier
Custom OT Lines Forwards
Aleksi Saarela, Tyler Benson, Martin Necas, Mathieu Olivier, Alex Formenton, Joel Farabee, Kole Sherwood, Lias Andersson, Otto Koivula, Isac Lundestrom
Custom OT Lines Defensemen
Pierre-Olivier Joseph, Lucas Carlsson, Rasmus Dahlin, Keaton Thompson, Dennis Gilbert

Scratches
Jonathan Gruden (Healthy), Jacob Bernard-Docker (Healthy), Matthew Highmore (Healthy), Xavier Bernard (Healthy), Jonathan Davidsson (Healthy)
Hugh McGing (Healthy), Jan Jenik (Healthy), Blake Murray (Healthy), Vasili Podkolzin (Healthy), Samuel Fagemo (Healthy)
Veini Vehvilainen (Healthy), Matthew Thiessen (Healthy)

% Time on Ice - Comets

Lines # - Real PCT - Wanted PCT - Time Play
Normal Forward
1 - 32% - 35% - 16:07
2 - 27% - 30% - 13:36
3 - 26% - 25% - 13:05
4 - 16% - 10% - 8:13
Normal Defense
1 - 35% - 35% - 17:51
2 - 32% - 30% - 16:22
3 - 26% - 25% - 13:12
4 - 7% - 10% - 3:36
PP Forward
1 - 55% - 60% - 3:16
2 - 45% - 40% - 2:43
PP Defense
1 - 64% - 60% - 3:51
2 - 36% - 40% - 2:08
PK Forward
1 - 88% - 60% - 1:45
2 - 12% - 40% - 0:14
PK Defense
1 - 62% - 60% - 1:14
2 - 38% - 40% - 0:45
PK3 Forward
1 - 0% - 60%
2 - 0% - 40%
PK3 Defense
1 - 0% - 60%
2 - 0% - 40%
44 Forward
1 - 0% - 60%
2 - 0% - 40%
44 Defense
1 - 0% - 60%
2 - 0% - 40%
Last Minute Offensive  - 1:01
Last Minute Defensive  - 0:00
Total
Forward - 60:00
Defense - 60:00

% Time on Ice - Marlies

Lines # - Real PCT - Wanted PCT - Time Play
Normal Forward
1 - 35% - 40% - 17:40
2 - 26% - 30% - 13:05
3 - 23% - 20% - 11:30
4 - 17% - 10% - 8:43
Normal Defense
1 - 37% - 40% - 18:43
2 - 35% - 30% - 17:47
3 - 24% - 20% - 12:07
4 - 5% - 10% - 2:21
PP Forward
1 - 61% - 60% - 1:12
2 - 39% - 40% - 0:47
PP Defense
1 - 67% - 60% - 1:20
2 - 33% - 40% - 0:39
PK Forward
1 - 72% - 60% - 4:20
2 - 28% - 40% - 1:39
PK Defense
1 - 60% - 60% - 3:36
2 - 40% - 40% - 2:23
PK3 Forward
1 - 0% - 60%
2 - 0% - 40%
PK3 Defense
1 - 0% - 60%
2 - 0% - 40%
44 Forward
1 - 0% - 60%
2 - 0% - 40%
44 Defense
1 - 0% - 60%
2 - 0% - 40%
Last Minute Offensive  - 0:00
Last Minute Defensive  - 1:04
Total
Forward - 60:00
Defense - 60:00

Play-by-Play

1st period


0:01 of 1st period - Martin Necas wins face-off versus Brett Seney in neutral zone.
0:15 of 1st period - Slapshot by Martin Necas.
0:15 of 1st period - Deflect By Joel Farabee.
0:15 of 1st period - Stopped by Juuse Saros with a rebound.
0:30 of 1st period - Snap shot by Tyler Benson.
0:30 of 1st period - Shot Blocked by Conor Garland.
0:50 of 1st period - Christian Wolanin is hit by Kole Sherwood and loses puck.
1:07 of 1st period - Snap shot by Martin Necas.
1:07 of 1st period - Shot Misses the Net.
1:27 of 1st period - Dmitri Samorukov is hit by Valeri Nichushkin and loses puck.
2:08 of 1st period - Slapshot by Alex Formenton.
2:08 of 1st period - Shot Blocked by Vincent Desharnais.
2:10 of 1st period - Wrist shot by Dmitri Samorukov.
2:10 of 1st period - Shot Misses the Net.
2:12 of 1st period - Slapshot by Dennis Gilbert.
2:12 of 1st period - Stopped by Juuse Saros without a rebound.
2:13 of 1st period - Valeri Nichushkin wins face-off versus Aleksi Saarela in Comets zone.
2:30 of 1st period - Ilya Lyubushkin is hit by Aleksi Saarela and loses puck.
3:36 of 1st period - Filip Roos is hit by Otto Koivula and loses puck.
3:51 of 1st period - Valeri Nichushkin is hit by Tyler Benson and loses puck.
4:02 of 1st period - Lias Andersson is hit by Valeri Nichushkin and loses puck.
4:37 of 1st period - Wrist shot by Isac Lundestrom.
4:37 of 1st period - Stopped by Juuse Saros with a rebound.
4:39 of 1st period - Snap shot by Alex Formenton.
4:39 of 1st period - Stopped by Juuse Saros with a rebound.
5:07 of 1st period - Off-side.
5:08 of 1st period - Jakob Forsbacka-Karlsson wins face-off versus Brett Seney in neutral zone.
5:12 of 1st period - Off-side.
5:13 of 1st period - Aleksi Saarela wins face-off versus Brett Seney in neutral zone.
7:23 of 1st period - Christian Wolanin is hit by Dmitri Samorukov and loses puck.
7:54 of 1st period - Keaton Thompson is hit by Nicolas Roy and loses puck.
8:13 of 1st period - Snap shot by Jakob Forsbacka-Karlsson.
8:13 of 1st period - Shot Misses the Net.
8:33 of 1st period - Wrist shot by Brett Howden.
8:33 of 1st period - Stopped by Logan Thompson with a rebound.
8:35 of 1st period - Slapshot by Conor Garland.
8:35 of 1st period - Shot Misses the Net.
8:37 of 1st period - Backhand shot by Jake Bean.
8:37 of 1st period - Shot Misses the Net.
10:33 of 1st period - Backhand shot by Valeri Nichushkin.
10:33 of 1st period - Shot Misses the Net.
10:35 of 1st period - Slapshot by Wyatt Kalynuk.
10:35 of 1st period - Stopped by Logan Thompson with a rebound.
10:53 of 1st period - Snap shot by Arthur Kaliyev.
10:53 of 1st period - Stopped by Juuse Saros without a rebound.
10:54 of 1st period - Aleksi Saarela wins face-off versus Brett Seney in Comets zone.
11:01 of 1st period - Marcus Bjork is hit by Aleksi Saarela and loses puck.
11:20 of 1st period - Rasmus Dahlin is hit by Vincent Desharnais and loses puck.
11:47 of 1st period - Isac Lundestrom is hit by Eeli Tolvanen and loses puck.
12:17 of 1st period - Wrist shot by Kole Sherwood.
12:17 of 1st period - Shot Misses the Net.
12:19 of 1st period - Slapshot by Alex Formenton.
12:19 of 1st period - Stopped by Juuse Saros without a rebound.
12:20 of 1st period - Brett Seney wins face-off versus Aleksi Saarela in Comets zone.
12:31 of 1st period - Wrist shot by Valeri Nichushkin.
12:31 of 1st period - Goal by Valeri Nichushkin - Comets : 1 - Marlies : 0.
12:32 of 1st period - Aleksi Saarela wins face-off versus Brett Howden in neutral zone.
12:37 of 1st period - Wrist shot by Joel Farabee.
12:37 of 1st period - Goal by Joel Farabee - Comets : 1 - Marlies : 1.
12:38 of 1st period - Brett Howden wins face-off versus Aleksi Saarela in neutral zone.
12:43 of 1st period - Wrist shot by Brett Howden.
12:43 of 1st period - Stopped by Logan Thompson with a rebound.
12:45 of 1st period - Snap shot by Brett Howden.
12:45 of 1st period - Stopped by Logan Thompson without a rebound.
12:46 of 1st period - Aleksi Saarela wins face-off versus Conor Garland in Marlies zone.
13:15 of 1st period - Wrist shot by Joonas Donskoi.
13:15 of 1st period - Stopped by Logan Thompson without a rebound.
13:16 of 1st period - John Hayden wins face-off versus Lias Andersson in Marlies zone.
13:17 of 1st period - Wrist shot by Alexandre Texier.
13:17 of 1st period - Stopped by Logan Thompson with a rebound.
14:26 of 1st period - Snap shot by David Kase.
14:26 of 1st period - Stopped by Logan Thompson without a rebound.
14:27 of 1st period - Otto Koivula wins face-off versus Nicolas Roy in Marlies zone.
14:36 of 1st period - Snap shot by Otto Koivula.
14:36 of 1st period - Shot Blocked by Ilya Lyubushkin.
14:52 of 1st period - Joonas Donskoi is hit by Aleksi Saarela and loses puck.
15:15 of 1st period - Wrist shot by Conor Garland.
15:15 of 1st period - Deflect By Rasmus Dahlin.
15:15 of 1st period - Stopped by Logan Thompson with a rebound.
15:27 of 1st period - Snap shot by Brett Howden.
15:27 of 1st period - Shot Blocked by Rasmus Dahlin.
15:50 of 1st period - Keaton Thompson is hit by Alexandre Texier and loses puck.
16:25 of 1st period - Snap shot by Conor Garland.
16:25 of 1st period - Shot Hit the Post.
16:31 of 1st period - Wrist shot by Brett Howden.
16:31 of 1st period - Stopped by Logan Thompson without a rebound.
16:32 of 1st period - Eeli Tolvanen wins face-off versus Lias Andersson in Marlies zone.
17:56 of 1st period - Lias Andersson is hit by Vincent Desharnais and loses puck.
18:19 of 1st period - Snap shot by Brett Howden.
18:19 of 1st period - Shot Misses the Net.
18:21 of 1st period - Wrist shot by Conor Garland.
18:21 of 1st period - Stopped by Logan Thompson with a rebound.
18:23 of 1st period - Slapshot by Marcus Bjork.
18:23 of 1st period - Stopped by Logan Thompson with a rebound.
18:25 of 1st period - Slapshot by Vincent Desharnais.
18:25 of 1st period - Stopped by Logan Thompson without a rebound.
18:26 of 1st period - Martin Necas wins face-off versus Joonas Donskoi in Marlies zone.
18:37 of 1st period - Slapshot by Pierre-Olivier Joseph.
18:37 of 1st period - Stopped by Juuse Saros with a rebound.
18:39 of 1st period - Snap shot by Joel Farabee.
18:39 of 1st period - Stopped by Juuse Saros with a rebound.
18:41 of 1st period - Wrist shot by Aleksi Saarela.
18:41 of 1st period - Shot Blocked by Christian Wolanin.
18:51 of 1st period - Kole Sherwood is hit by Brett Howden and loses puck.
18:58 of 1st period - Snap shot by Brett Howden.
18:58 of 1st period - Shot Misses the Net.
19:00 of 1st period - Snap shot by Jake Bean.
19:00 of 1st period - Shot Hit the Post.
19:02 of 1st period - Wrist shot by Wyatt Kalynuk.
19:02 of 1st period - Shot Blocked by Rasmus Dahlin.
19:20 of 1st period - Rasmus Dahlin is hit by Alexandre Texier and loses puck.
19:53 of 1st period - Wrist shot by Brett Howden.
19:53 of 1st period - Deflect By Mason Marchment.
19:53 of 1st period - Stopped by Logan Thompson with a rebound.
Goals for this period are 1 for Comets vs 1 for Marlies.
Shots for this period are 14 for Comets vs 9 for Marlies.

2nd period


0:01 of 2nd period - Aleksi Saarela wins face-off versus Brett Seney in neutral zone.
0:31 of 2nd period - Brett Howden is hit by Keaton Thompson and loses puck.
1:56 of 2nd period - Snap shot by Brett Howden.
1:56 of 2nd period - Shot Misses the Net.
1:58 of 2nd period - Slapshot by Marcus Bjork.
1:58 of 2nd period - Shot Misses the Net.
2:00 of 2nd period - Snap shot by Brett Howden.
2:00 of 2nd period - Shot Blocked by Dmitri Samorukov.
2:02 of 2nd period - Slapshot by Marcus Bjork.
2:02 of 2nd period - Deflect By Dennis Gilbert.
2:02 of 2nd period - Goal by Marcus Bjork - Comets : 2 - Marlies : 1.
2:03 of 2nd period - Brett Seney wins face-off versus Aleksi Saarela in neutral zone.
2:30 of 2nd period - Eeli Tolvanen is hit by Pierre-Olivier Joseph and loses puck.
3:13 of 2nd period - Slapshot by Martin Necas.
3:13 of 2nd period - Deflect By Joel Farabee.
3:13 of 2nd period - Shot Misses the Net.
3:13 of 2nd period - Puck is out of play.
3:14 of 2nd period - Aleksi Saarela wins face-off versus Valeri Nichushkin in Comets zone.
3:24 of 2nd period - Off-side.
3:25 of 2nd period - Brett Seney wins face-off versus Aleksi Saarela in neutral zone.
3:32 of 2nd period - Wrist shot by Valeri Nichushkin.
3:32 of 2nd period - Shot Blocked by Pierre-Olivier Joseph.
3:52 of 2nd period - Pierre-Olivier Joseph is hit by Conor Garland and loses puck.
4:38 of 2nd period - Snap shot by Nicolas Roy.
4:38 of 2nd period - Shot Misses the Net.
4:40 of 2nd period - Snap shot by David Kase.
4:40 of 2nd period - Stopped by Logan Thompson with a rebound.
4:42 of 2nd period - Snap shot by Nicolas Roy.
4:42 of 2nd period - Shot Blocked by Lucas Carlsson.
5:02 of 2nd period - Snap shot by Jakob Forsbacka-Karlsson.
5:02 of 2nd period - Stopped by Juuse Saros without a rebound.
5:03 of 2nd period - Lias Andersson wins face-off versus Brett Howden in Comets zone.
5:04 of 2nd period - Slapshot by Pierre-Olivier Joseph.
5:04 of 2nd period - Stopped by Juuse Saros with a rebound.
5:06 of 2nd period - Slapshot by Rasmus Dahlin.
5:06 of 2nd period - Stopped by Juuse Saros with a rebound.
5:08 of 2nd period - Slapshot by Pierre-Olivier Joseph.
5:08 of 2nd period - Deflect By Conor Garland.
5:08 of 2nd period - Stopped by Juuse Saros without a rebound.
5:09 of 2nd period - Brett Howden wins face-off versus Lias Andersson in Comets zone.
5:11 of 2nd period - Minor Penalty to Mason Marchment for Holding.
5:12 of 2nd period - Conor Garland wins face-off versus Aleksi Saarela in Comets zone.
5:20 of 2nd period - Wrist shot by Conor Garland.
5:20 of 2nd period - Shot Misses the Net.
5:22 of 2nd period - Snap shot by Brett Howden.
5:22 of 2nd period - Shot Misses the Net.
5:24 of 2nd period - Slapshot by Conor Garland.
5:24 of 2nd period - Goal by Conor Garland - Comets : 3 - Marlies : 1.
5:25 of 2nd period - Aleksi Saarela wins face-off versus Brett Howden in neutral zone.
5:28 of 2nd period - Ilya Lyubushkin is hit by Aleksi Saarela.
5:58 of 2nd period - Snap shot by Tyler Benson.
5:58 of 2nd period - Stopped by Juuse Saros without a rebound.
5:59 of 2nd period - Brett Howden wins face-off versus Lias Andersson in Comets zone.
7:11 of 2nd period - Penalty to Mason Marchment is over, Mason Marchment is back on ice.
7:33 of 2nd period - Minor Penalty to Rasmus Dahlin for Hooking.
7:34 of 2nd period - Brett Seney wins face-off versus Aleksi Saarela in Marlies zone.
9:33 of 2nd period - Penalty to Rasmus Dahlin is over, Rasmus Dahlin is back on ice.
9:35 of 2nd period - Lucas Carlsson is hit by Jake Bean.
9:56 of 2nd period - Alexandre Texier is hit by Rasmus Dahlin.
10:10 of 2nd period - Snap shot by Rasmus Dahlin.
10:10 of 2nd period - Deflect By Martin Necas.
10:10 of 2nd period - Goal by Martin Necas - Comets : 3 - Marlies : 2.
10:11 of 2nd period - Isac Lundestrom wins face-off versus Brett Howden in neutral zone.
10:18 of 2nd period - Slapshot by Alex Formenton.
10:18 of 2nd period - Shot Blocked by Christian Wolanin.
10:20 of 2nd period - Wrist shot by Lucas Carlsson.
10:20 of 2nd period - Deflect By Ilya Lyubushkin.
10:20 of 2nd period - Stopped by Juuse Saros with a rebound.
10:22 of 2nd period - Snap shot by Kole Sherwood.
10:22 of 2nd period - Deflect By Isac Lundestrom.
10:22 of 2nd period - Stopped by Juuse Saros without a rebound.
10:23 of 2nd period - Brett Seney wins face-off versus Aleksi Saarela in Comets zone.
11:10 of 2nd period - Slapshot by Ilya Lyubushkin.
11:10 of 2nd period - Shot Blocked by Kole Sherwood.
11:12 of 2nd period - Slapshot by Ilya Lyubushkin.
11:12 of 2nd period - Shot Blocked by Isac Lundestrom.
11:14 of 2nd period - Wrist shot by Alexandre Texier.
11:14 of 2nd period - Shot Blocked by Lucas Carlsson.
11:16 of 2nd period - Slapshot by John Hayden.
11:16 of 2nd period - Shot Misses the Net.
11:18 of 2nd period - Wrist shot by Alexandre Texier.
11:18 of 2nd period - Shot Blocked by Lucas Carlsson.
11:20 of 2nd period - Snap shot by Christian Wolanin.
11:20 of 2nd period - Stopped by Logan Thompson with a rebound.
11:30 of 2nd period - Wrist shot by Arthur Kaliyev.
11:30 of 2nd period - Stopped by Juuse Saros without a rebound.
11:31 of 2nd period - Jakob Forsbacka-Karlsson wins face-off versus Nicolas Roy in Comets zone.
11:40 of 2nd period - Otto Koivula is hit by David Kase and loses puck.
12:07 of 2nd period - Slapshot by Pierre-Olivier Joseph.
12:07 of 2nd period - Stopped by Juuse Saros without a rebound.
12:08 of 2nd period - Brett Howden wins face-off versus Lias Andersson in Comets zone.
12:21 of 2nd period - Slapshot by Tyler Benson.
12:21 of 2nd period - Shot Blocked by Jake Bean.
12:35 of 2nd period - Keaton Thompson is hit by Joonas Donskoi and loses puck.
13:11 of 2nd period - Snap shot by Brett Seney.
13:11 of 2nd period - Stopped by Logan Thompson with a rebound.
13:13 of 2nd period - Slapshot by Wyatt Kalynuk.
13:13 of 2nd period - Stopped by Logan Thompson without a rebound.
13:14 of 2nd period - Lias Andersson wins face-off versus Conor Garland in Marlies zone.
13:14 of 2nd period - Lias Andersson is hit by Christian Wolanin.
13:17 of 2nd period - Minor Penalty to Mathieu Olivier for Holding.
13:18 of 2nd period - Brett Seney wins face-off versus Aleksi Saarela in Marlies zone.
13:44 of 2nd period - Aleksi Saarela is hit by Christian Wolanin and loses puck.
15:17 of 2nd period - Penalty to Mathieu Olivier is over, Mathieu Olivier is back on ice.
15:37 of 2nd period - Wyatt Kalynuk is hit by Otto Koivula and loses puck.
16:10 of 2nd period - Slapshot by Jake Bean.
16:10 of 2nd period - Deflect By Alexandre Texier.
16:10 of 2nd period - Stopped by Logan Thompson without a rebound.
16:11 of 2nd period - John Hayden wins face-off versus Lias Andersson in Marlies zone.
16:24 of 2nd period - Backhand shot by John Hayden.
16:24 of 2nd period - Shot Misses the Net.
16:56 of 2nd period - Slapshot by Rasmus Dahlin.
16:56 of 2nd period - Stopped by Juuse Saros with a rebound.
16:58 of 2nd period - Wrist shot by Arthur Kaliyev.
16:58 of 2nd period - Goal by Arthur Kaliyev - Comets : 3 - Marlies : 3.
16:59 of 2nd period - Martin Necas wins face-off versus Brett Howden in neutral zone.
17:28 of 2nd period - Snap shot by Mathieu Olivier.
17:28 of 2nd period - Deflect By Tyler Benson.
17:28 of 2nd period - Shot Misses the Net.
17:28 of 2nd period - Puck is out of play.
17:29 of 2nd period - Lias Andersson wins face-off versus Brett Seney in Comets zone.
17:34 of 2nd period - Wrist shot by Tyler Benson.
17:34 of 2nd period - Goal by Tyler Benson - Comets : 3 - Marlies : 4.
17:35 of 2nd period - Brett Howden wins face-off versus Aleksi Saarela in neutral zone.
17:42 of 2nd period - Wrist shot by Ilya Lyubushkin.
17:42 of 2nd period - Stopped by Logan Thompson without a rebound.
17:43 of 2nd period - Aleksi Saarela wins face-off versus Brett Howden in Marlies zone.
17:48 of 2nd period - Snap shot by Pierre-Olivier Joseph.
17:48 of 2nd period - Stopped by Juuse Saros without a rebound.
17:49 of 2nd period - Alexandre Texier wins face-off versus Aleksi Saarela in Comets zone.
17:49 of 2nd period - Alexandre Texier is hit by Aleksi Saarela.
18:03 of 2nd period - Snap shot by John Hayden.
18:03 of 2nd period - Stopped by Logan Thompson with a rebound.
18:11 of 2nd period - Minor Penalty to Joel Farabee for Roughing.
18:12 of 2nd period - Brett Seney wins face-off versus Aleksi Saarela in Marlies zone.
18:48 of 2nd period - Off-side.
18:49 of 2nd period - Brett Howden wins face-off versus Martin Necas in neutral zone.
19:05 of 2nd period - Wrist shot by Brett Howden.
19:05 of 2nd period - Stopped by Logan Thompson without a rebound.
19:06 of 2nd period - Aleksi Saarela wins face-off versus Brett Seney in Marlies zone.
19:36 of 2nd period - Conor Garland is hit by Rasmus Dahlin and loses puck.
Goals for this period are 2 for Comets vs 3 for Marlies.
Shots for this period are 10 for Comets vs 14 for Marlies.

3rd period


0:01 of 3rd period - Brett Seney wins face-off versus Aleksi Saarela in neutral zone.
0:06 of 3rd period - Slapshot by Christian Wolanin.
0:06 of 3rd period - Shot Blocked by Aleksi Saarela.
0:08 of 3rd period - Slapshot by Ilya Lyubushkin.
0:08 of 3rd period - Stopped by Logan Thompson without a rebound.
0:09 of 3rd period - Joonas Donskoi wins face-off versus Aleksi Saarela in Marlies zone.
0:10 of 3rd period - Snap shot by Brett Seney.
0:10 of 3rd period - Stopped by Logan Thompson with a rebound.
0:11 of 3rd period - Penalty to Joel Farabee is over, Joel Farabee is back on ice.
0:12 of 3rd period - Snap shot by Valeri Nichushkin.
0:12 of 3rd period - Deflect By Joonas Donskoi.
0:12 of 3rd period - Goal by Joonas Donskoi - Comets : 4 - Marlies : 4.
0:13 of 3rd period - Brett Seney wins face-off versus Aleksi Saarela in neutral zone.
0:16 of 3rd period - Aleksi Saarela is hit by Ilya Lyubushkin and loses puck.
0:22 of 3rd period - Icing by Pierre-Olivier Joseph.
0:23 of 3rd period - Aleksi Saarela wins face-off versus Valeri Nichushkin in Marlies zone.
1:04 of 3rd period - Slapshot by Pierre-Olivier Joseph.
1:04 of 3rd period - Deflect By Brett Seney.
1:04 of 3rd period - Stopped by Juuse Saros with a rebound.
1:06 of 3rd period - Snap shot by Martin Necas.
1:06 of 3rd period - Shot Misses the Net.
1:30 of 3rd period - Wrist shot by Aleksi Saarela.
1:30 of 3rd period - Stopped by Juuse Saros with a rebound.
1:32 of 3rd period - Slapshot by Pierre-Olivier Joseph.
1:32 of 3rd period - Stopped by Juuse Saros with a rebound.
1:34 of 3rd period - Wrist shot by Joel Farabee.
1:34 of 3rd period - Goal by Joel Farabee - Comets : 4 - Marlies : 5.
1:35 of 3rd period - Lias Andersson wins face-off versus Brett Howden in neutral zone.
1:38 of 3rd period - Backhand shot by Mathieu Olivier.
1:38 of 3rd period - Shot Misses the Net.
2:19 of 3rd period - Wyatt Kalynuk is hit by Keaton Thompson and loses puck.
3:14 of 3rd period - Off-side.
3:15 of 3rd period - Valeri Nichushkin wins face-off versus Jakob Forsbacka-Karlsson in neutral zone.
3:26 of 3rd period - Snap shot by Pierre-Olivier Joseph.
3:26 of 3rd period - Stopped by Juuse Saros without a rebound.
3:27 of 3rd period - Aleksi Saarela wins face-off versus Brett Howden in Comets zone.
4:05 of 3rd period - Slapshot by Pierre-Olivier Joseph.
4:05 of 3rd period - Stopped by Juuse Saros with a rebound.
4:17 of 3rd period - Wrist shot by Kole Sherwood.
4:17 of 3rd period - Stopped by Juuse Saros with a rebound.
4:19 of 3rd period - Wrist shot by Alex Formenton.
4:19 of 3rd period - Stopped by Juuse Saros with a rebound.
4:21 of 3rd period - Slapshot by Lucas Carlsson.
4:21 of 3rd period - Shot Blocked by Vincent Desharnais.
4:23 of 3rd period - Snap shot by Isac Lundestrom.
4:23 of 3rd period - Stopped by Juuse Saros with a rebound.
4:39 of 3rd period - Off-side.
4:40 of 3rd period - Nicolas Roy wins face-off versus Aleksi Saarela in neutral zone.
4:43 of 3rd period - Slapshot by Ilya Lyubushkin.
4:43 of 3rd period - Shot Misses the Net.
4:45 of 3rd period - Slapshot by Ilya Lyubushkin.
4:45 of 3rd period - Stopped by Logan Thompson without a rebound.
4:46 of 3rd period - Brett Howden wins face-off versus Aleksi Saarela in Marlies zone.
4:47 of 3rd period - Snap shot by Conor Garland.
4:47 of 3rd period - Shot Misses the Net.
4:49 of 3rd period - Slapshot by Christian Wolanin.
4:49 of 3rd period - Deflect By Joel Farabee.
4:49 of 3rd period - Stopped by Logan Thompson without a rebound.
4:50 of 3rd period - Aleksi Saarela wins face-off versus Brett Howden in Marlies zone.
6:21 of 3rd period - Pierre-Olivier Joseph is hit by Mason Marchment and loses puck.
6:40 of 3rd period - Joonas Donskoi is hit by Lias Andersson and loses puck.
6:45 of 3rd period - Slapshot by Mathieu Olivier.
6:45 of 3rd period - Shot Misses the Net.
6:49 of 3rd period - Snap shot by Lias Andersson.
6:49 of 3rd period - Shot Misses the Net.
6:51 of 3rd period - Snap shot by Mathieu Olivier.
6:51 of 3rd period - Deflect By Tyler Benson.
6:51 of 3rd period - Shot Blocked by Marcus Bjork.
6:51 of 3rd period - Puck is out of play.
6:52 of 3rd period - Brett Howden wins face-off versus Isac Lundestrom in Comets zone.
6:52 of 3rd period - Brett Howden is hit by Keaton Thompson.
7:02 of 3rd period - Snap shot by Alex Formenton.
7:02 of 3rd period - Shot Misses the Net.
7:04 of 3rd period - Slapshot by Alex Formenton.
7:04 of 3rd period - Stopped by Juuse Saros with a rebound.
7:06 of 3rd period - Wrist shot by Isac Lundestrom.
7:06 of 3rd period - Shot Blocked by Ilya Lyubushkin.
7:08 of 3rd period - Wrist shot by Kole Sherwood.
7:08 of 3rd period - Shot Misses the Net.
7:41 of 3rd period - Vincent Desharnais is hit by Rasmus Dahlin and loses puck.
7:52 of 3rd period - Slapshot by Rasmus Dahlin.
7:52 of 3rd period - Shot Misses the Net.
9:10 of 3rd period - Wyatt Kalynuk is hit by Tyler Benson and loses puck.
9:23 of 3rd period - Slapshot by Rasmus Dahlin.
9:23 of 3rd period - Stopped by Juuse Saros without a rebound.
9:24 of 3rd period - Brett Howden wins face-off versus Isac Lundestrom in Comets zone.
9:49 of 3rd period - Rasmus Dahlin is hit by John Hayden and loses puck.
9:55 of 3rd period - Off-side.
9:56 of 3rd period - Aleksi Saarela wins face-off versus John Hayden in neutral zone.
11:21 of 3rd period - Slapshot by Vincent Desharnais.
11:21 of 3rd period - Stopped by Logan Thompson with a rebound.
11:23 of 3rd period - Snap shot by Vincent Desharnais.
11:23 of 3rd period - Stopped by Logan Thompson without a rebound.
11:24 of 3rd period - Brett Howden wins face-off versus Lias Andersson in Marlies zone.
11:37 of 3rd period - Snap shot by Conor Garland.
11:37 of 3rd period - Shot Blocked by Rasmus Dahlin.
11:49 of 3rd period - Brett Seney is hit by Kole Sherwood and loses puck.
11:54 of 3rd period - Snap shot by Kole Sherwood.
11:54 of 3rd period - Stopped by Juuse Saros with a rebound.
12:10 of 3rd period - Snap shot by Ilya Lyubushkin.
12:10 of 3rd period - Deflect By Nicolas Roy.
12:10 of 3rd period - Shot Misses the Net.
12:10 of 3rd period - Puck is out of play.
12:11 of 3rd period - Nicolas Roy wins face-off versus Jakob Forsbacka-Karlsson in Marlies zone.
12:12 of 3rd period - Slapshot by Wyatt Kalynuk.
12:12 of 3rd period - Shot Blocked by Rasmus Dahlin.
12:23 of 3rd period - Icing by Wyatt Kalynuk.
12:24 of 3rd period - Nicolas Roy wins face-off versus Lias Andersson in Comets zone.
12:24 of 3rd period - Nicolas Roy is hit by Lias Andersson.
13:01 of 3rd period - Slapshot by Pierre-Olivier Joseph.
13:01 of 3rd period - Stopped by Juuse Saros without a rebound.
13:02 of 3rd period - Brett Seney wins face-off versus Aleksi Saarela in Comets zone.
13:07 of 3rd period - Aleksi Saarela is hit by Valeri Nichushkin and loses puck.
13:16 of 3rd period - Slapshot by Keaton Thompson.
13:16 of 3rd period - Stopped by Juuse Saros with a rebound.
13:18 of 3rd period - Wrist shot by Martin Necas.
13:18 of 3rd period - Shot Hit the Post.
13:54 of 3rd period - Icing by John Hayden.
13:55 of 3rd period - John Hayden wins face-off versus Isac Lundestrom in Comets zone.
14:55 of 3rd period - Snap shot by Alexandre Texier.
14:55 of 3rd period - Shot Misses the Net.
14:57 of 3rd period - Snap shot by Christian Wolanin.
14:57 of 3rd period - Stopped by Logan Thompson with a rebound.
14:59 of 3rd period - Slapshot by Ilya Lyubushkin.
14:59 of 3rd period - Stopped by Logan Thompson with a rebound.
15:01 of 3rd period - Snap shot by John Hayden.
15:01 of 3rd period - Deflect By Eeli Tolvanen.
15:01 of 3rd period - Stopped by Logan Thompson with a rebound.
15:03 of 3rd period - Wrist shot by Alexandre Texier.
15:03 of 3rd period - Stopped by Logan Thompson with a rebound.
15:29 of 3rd period - Snap shot by Kole Sherwood.
15:29 of 3rd period - Deflect By Isac Lundestrom.
15:29 of 3rd period - Shot Hit the Post.
15:29 of 3rd period - Puck is out of play.
15:30 of 3rd period - Aleksi Saarela wins face-off versus Brett Seney in Comets zone.
15:31 of 3rd period - Wrist shot by Martin Necas.
15:31 of 3rd period - Stopped by Juuse Saros with a rebound.
15:41 of 3rd period - Keaton Thompson is hit by Wyatt Kalynuk and loses puck.
15:56 of 3rd period - Mason Marchment is hit by Tyler Benson and loses puck.
16:18 of 3rd period - Icing by Nicolas Roy.
16:19 of 3rd period - Jakob Forsbacka-Karlsson wins face-off versus Nicolas Roy in Comets zone.
16:28 of 3rd period - Slapshot by Wyatt Kalynuk.
16:28 of 3rd period - Stopped by Logan Thompson with a rebound.
16:34 of 3rd period - Slapshot by Jake Bean.
16:34 of 3rd period - Stopped by Logan Thompson with a rebound.
16:46 of 3rd period - Brett Seney is hit by Lucas Carlsson and loses puck.
17:09 of 3rd period - Valeri Nichushkin is hit by Dennis Gilbert and loses puck.
17:32 of 3rd period - Marcus Bjork is hit by Rasmus Dahlin and loses puck.
17:45 of 3rd period - Slapshot by Marcus Bjork.
17:45 of 3rd period - Shot Misses the Net.
18:21 of 3rd period - Joel Farabee is hit by Ilya Lyubushkin and loses puck.
19:02 of 3rd period - Comets, Juuse Saros is pulled from the net.
19:24 of 3rd period - Wrist shot by Tyler Benson.
19:24 of 3rd period - Shot Misses the Net.
19:52 of 3rd period - Slapshot by Valeri Nichushkin.
19:52 of 3rd period - Stopped by Logan Thompson with a rebound.
19:54 of 3rd period - Snap shot by Wyatt Kalynuk.
19:54 of 3rd period - Stopped by Logan Thompson without a rebound.
19:55 of 3rd period - Larry Robinson call a timeout for Comets.
19:55 of 3rd period - Aleksi Saarela wins face-off versus Brett Seney in Marlies zone.
19:57 of 3rd period - Minor Penalty to Aleksi Saarela for Tripping.
19:58 of 3rd period - Joonas Donskoi wins face-off versus Kole Sherwood in Marlies zone.
Goals for this period are 1 for Comets vs 1 for Marlies.
Shots for this period are 15 for Comets vs 15 for Marlies.